 Dungeon Crawl Stone Soup version 0.19.4 (webtiles) character file.

118 Jerry the Cudgeler (level 5, -2/55 HPs)
             Began as an Ogre Fighter on Jan 30, 2017.
             Killed from afar by an orc wizard (6 damage)
             ... with a magic dart
             ... on level 3 of the Dungeon.
             The game lasted 00:03:13 (2173 turns).

Jerry the Cudgeler (Ogre Fighter)                   Turns: 2173, Time: 00:03:13

Health: -2/55      AC:  3    Str: 26    XL:     5   Next: 2%
Magic:  5/5        EV:  8    Int:  7    God:
Gold:   134        SH:  0    Dex: 10    Spells: 0 memorised, 4 levels left

rFire  + . .     SeeInvis .     a - +0 flail
rCold  . . .     Gourm    .     b - +0 robe
rNeg   . . .     Faith    .     c - +0 shield
rPois  .         Spirit   .     (helmet restricted)
rElec  .         Reflect  .     (no cloak)
rCorr  .         Harm     .     (gloves unavailable)
MR     .....                    (boots unavailable)
Stlth  +.........               (no amulet)
                                (no ring)
                                v - ring of protection from fire

@: confused, mighty
A: unfitting armour, tough skin 1
a: no special abilities


You were on level 3 of the Dungeon.
You were not hungry.

You visited 1 branch of the dungeon, and saw 3 of its levels.

You collected 134 gold pieces.

Inventory:

Hand Weapons
 a - a +0 flail (weapon)
Armour
 b - a +0 robe (worn)
 c - a +0 shield (worn)
Jewellery
 v - a ring of protection from fire (left hand)
Scrolls
 g - a scroll of magic mapping {unknown}
 i - 2 scrolls of remove curse {unknown}
 j - 2 scrolls of identify {unknown}
 l - 2 scrolls of teleportation {unknown}
 m - 2 scrolls of fog {unknown}
Potions
 k - a potion of haste {unknown}
 o - a potion of cancellation {unknown}
 q - a potion of magic {unknown}
 r - a potion of curing {unknown}
 t - 2 potions of mutation {unknown}
 u - a potion of brilliance {unknown}
Comestibles
 f - 3 bread rations
 n - 2 meat rations
 p - a beef jerky


   Skills:
 + Level 4.7 Fighting
 * Level 4.8 Maces & Flails
 + Level 1.3 Armour
 + Level 2.9 Dodging
 + Level 3.0 Shields


You had 4 spell levels left.
You didn't know any spells.

Dungeon Overview and Level Annotations

Branches:
Dungeon (3/15)

Altars:
Elyvilon
Nemelex Xobeh


Innate Abilities, Weirdness & Mutations

You are too large for most types of armour.
You have tough skin. (AC +1)


Message History

You kill the orc wizard!
Your Shields skill increases to level 3!
You have reached level 5!
Something hits you.
* * * LOW HITPOINT WARNING * * *
You closely miss something. You block something's attack.
You barely miss something. Something hits you but does no damage.
Something completely misses you.
You closely miss something. Something hits you.
* * * LOW HITPOINT WARNING * * *
You barely miss something. Something hits you but does no damage.
You closely miss something. Something hits you but does no damage.
You miss something.
You hear some strange, mumbled words.
You are confused.
Something hits you.
* * * LOW HITPOINT WARNING * * *
A magic dart appears from out of thin air!
The magic dart hits you!
You die...

.. .# ... P.## ###
##.. P.## ....# #...
.P.# .##.# #..P ♣♣..#
.##.# #.P♣♣♣♣ ♣P{)#
.##.# #.P♣PP♣♣♣[.P#
.##.####.PP.P♣.P@## #
........)....♣...##..#
###.#####<....P......#
# #.# ##...######.##
###.# #.### # ....####
#.# ...........#
############ .....#


There were no monsters in sight!

Vanquished Creatures
  An orc wizard (D:3)
  3 adders
  An ooze (D:1)
  2 dart slugs
  3 leopard geckos
  4 orcs (D:3)
  4 giant cockroaches
  4 goblins
  6 hobgoblins (D:1)
  4 kobolds
  A quokka (D:2)
  5 bats
  3 frilled lizards
  7 rats
48 creatures vanquished.

Notes
Turn   | Place    | Note
-------+----------+-------------------------------------------
     0 | D:1      | Jerry the Ogre Fighter began the quest for the Orb.
     0 | D:1      | Reached XP level 1. HP: 24/24 MP: 1/1
   238 | D:1      | You fall through a shaft!
   264 | D:2      | Reached XP level 2. HP: 28/32 MP: 2/2
   458 | D:2      | Found a white marble altar of Elyvilon.
   462 | D:2      | Found a sparkling altar of Nemelex Xobeh.
   567 | D:2      | Reached XP level 3. HP: 15/40 MP: 3/3
   573 | D:2      | Reached skill level 1 in Armour
  1695 | D:1      | Reached XP level 4. HP: 47/49 MP: 4/4
  2166 | D:3      | Reached XP level 5. HP: 11/55 MP: 5/5
  2173 | D:3      | Killed from afar by an orc wizard

Skill      XL: |  1  2  3  4 |
---------------+-------------+-----
Maces & Flails | 3 4 |  4.8
Armour         | 1 |  1.3
Shields        | 3 |  3.0
Fighting       | |  4.7
Dodging        | |  2.9

Action                   |  1- 3 |  4- 6 || total
-------------------------+-------+-------++-------
Melee: Flail             |   102 |    66 ||   168
  Use: Potion            |       |     3 ||     3
  Eat: Chunk             |     2 |     2 ||     4
Armor: Robe              |    29 |    19 ||    48
Dodge: Dodged            |    40 |    31 ||    71
Block: Shield            |    36 |    31 ||    67
